 Dungeon Crawl Stone Soup version 0.32-a0-433-g08bcfe7efd (webtiles) character file.

Game seed: 4841041393972708114

2817 ezpacito the Trooper (level 9, -1/68 HPs)
             Began as a Demonspawn Chaos Knight on Feb 23, 2024.
             Was a Plaything of Xom.
             Slain by a fire elemental (3 damage)
             ... summoned by a deep elf pyromancer
             ... on level 7 of the Dungeon.
             The game lasted 00:13:42 (5506 turns).

ezpacito the Trooper (Demonspawn Chaos Knight)      Turns: 5506, Time: 00:13:43

Health: -1/68      AC: 11    Str: 19    XL:     9   Next: 44%
Magic:  16/16      EV: 15    Int: 12    God:    Xom [*.....]
Gold:   344        SH:  0    Dex: 13    Spells: 0/15 levels left

rFire   + . .        a - +0 hand axe (chaos)
rCold   + . .        (no shield)
rNeg    + . .        H - +0 swamp dragon scales
rPois   +            (helmet restricted)
rElec   +            i - +0 cloak
rCorr   +            p - +0 pair of gloves
SInv    .            I - +0 pair of boots
Will    .....        (no amulet)
Stlth   +            h - ring of positive energy
HPRegen 0.31/turn    F - ring of poison resistance
MPRegen 0.15/turn

%: no passive effects
@: on fire, resistant, glowing
A: horns 2, repulsion field 2, demonic guardian 1, foul stench 1, high MP 1,
strong 1
a: Renounce Religion


You were on level 7 of the Dungeon.
You worshipped Xom.
You were a special plaything of Xom.
You visited 1 branch of the dungeon, and saw 7 of its levels.

You collected 428 gold pieces.
You spent 84 gold pieces at shops.

Inventory:

Hand Weapons
 a - a +0 hand axe of chaos (weapon)
 e - a +0 battleaxe
 G - a +0 war axe
Missiles
 f - 3 curare-tipped darts
 o - 5 boomerangs (quivered)
 t - 18 poisoned darts
 K - a throwing net
Armour
 c - a +0 scale mail
 i - a +0 cloak (worn)
 j - a +2 robe of willpower
 p - a +0 pair of gloves (worn)
 q - a +0 plate armour
 H - +0 swamp dragon scales (worn)
 I - a +0 pair of boots (worn)
Magical Staves
 D - a staff of earth
Jewellery
 h - a ring of positive energy (left hand)
 F - a ring of poison resistance (right hand)
Talismans
 A - a flux talisman
Wands
 v - a wand of mindburst (10)
 J - a wand of roots (7)
Scrolls
 b - 2 scrolls of fear {unknown}
 d - 5 scrolls of teleportation
 g - a scroll of amnesia {unknown}
 k - a scroll of silence {unknown}
 l - 3 scrolls of enchant armour
 m - a scroll of vulnerability {unknown}
 r - a scroll of brand weapon {unknown}
 s - a scroll of poison {unknown}
 y - a scroll of revelation {unknown}
 z - a scroll of blinking {unknown}
 E - a scroll of fog {unknown}
Potions
 u - a potion of brilliance
 w - a potion of ambrosia {unknown}
 B - a potion of curing {unknown}
 C - a potion of enlightenment {unknown}


   Skills:
 * Level 5.4 Fighting
 * Level 5.0 Axes
 * Level 4.3 Armour
 * Level 4.2 Dodging
 + Level 3.0 Stealth
 * Level 3.8 Unarmed Combat
 * Level 3.8 Spellcasting
 + Level 2.2 Hexes
 + Level 2.1 Summonings
 * Level 3.4 Necromancy
 * Level 3.0 Evocations


You couldn't memorise any spells.
You knew the following spells:

 Your Spells              Type           Power      Damage    Failure   Level
a - Necrotise             Necr           40%        1d6       9%          1
b - Ensorcelled Hibernat  Hex/Ice        10%        N/A       34%         2
c - Vampiric Draining     Necr           10%        2d6       26%         3
d - Martyr's Knell        Necr/Summ      9%         N/A       75%         4
e - Curse of Agony        Necr           10%        N/A       94%         5

Your spell library contained the following spells:

 Spells                   Type           Power      Damage    Failure   Level
 Sandblast                Erth           4%         2d4       36%         1
 Passwall                 Erth           2%         N/A       75%         3
 Stone Arrow              Conj/Erth      4%         3d7       75%         3
 Swiftness                Air            2%         N/A       75%         3
 Brom's Barrelling Bould  Conj/Erth      2%         2d3       98%         4


Dungeon Overview and Level Annotations

Branches:
Dungeon (7/15)             Temple (0/1) D:4

Altars:
Fedhas
Gozag
Qazlal
Yredelemnul

Shops:
D:5 ?

Annotations:
D:4 1 runed translucent door, olddryhag's ghost, amateur CoAl


Innate Abilities, Weirdness & Mutations

You have a pair of horns on your head.
You are surrounded by a moderate repulsion field. (EV +3)
A weak demonic guardian rushes to your aid.
You may rarely emit foul miasma when damaged in melee.
You have an increased reservoir of magic. (+10% MP)
Your muscles are strong. (Str +4, Int/Dex -1)


Message History

You hit the fire elemental.
The fire elemental seems to slow down.
The fire elemental is lightly damaged.
The deep elf pyromancer gestures wildly while chanting.
The deep elf pyromancer blinks!
You closely miss the fire elemental.
Your headbutt misses the fire elemental.
The fire elemental is lightly damaged.
A tengu warrior comes into view. It is wielding a +0 halberd.
The fire elemental closely misses you.
You barely miss the fire elemental.
The fire elemental is lightly damaged.
The fire elemental misses you.
The deep elf pyromancer hits you with a +0 long sword.
You hit the fire elemental. You freeze the fire elemental.
The fire elemental is moderately damaged.
You barely miss the deep elf pyromancer.
The fire elemental hits you. The fire elemental burns you!
The tengu warrior hits you from afar with a +0 halberd.
The deep elf pyromancer casts a spell at you.
The pyre arrow hits you.
You are covered in intense liquid fire!
You feel much better. The liquid fire burns you! The fire elemental hits you.
The fire elemental burns you!
* * * LOW HITPOINT WARNING * * *
The deep elf pyromancer misses you.
The tengu warrior hits you but does no damage.
Okay, then.
Okay, then.
Okay, then.
You feel protected. The liquid fire burns you!
* * * LOW HITPOINT WARNING * * *
The tengu warrior hits you from afar with a +0 halberd!
* * * LOW HITPOINT WARNING * * *
A demonic guardian appears!
The deep elf pyromancer gestures wildly while chanting.
The fire elemental hits you. The fire elemental burns you! You resist.
You die...
Xom cackles wildly!

#.. # # # ### # E. Q♣ ♣♣♣♣E♣
# ♣.♣@♣ ## #### ## ♣5e♣
#.####[..
#...########.########......##
#......†....E).......>...###
##..######..†####........##
#.. ##..####.....#...## #..
##..##.....###...## #.#
##........####...# #..#
##........####...


You could see a tengu warrior, a deep elf pyromancer (ally target), 3 fire
elementals and a friendly iron imp (summoned).

Vanquished Creatures
  Grinder (D:3)
  Sigmund (D:3)
  An acid dragon (D:6)
  Duvessa (D:4)
  2 black bears
  6 ice beasts
  An orc warrior (D:6)
  2 sky beasts
  3 ogres
  2 kobold brigands (D:6)
  3 scorpions
  A wight (D:7)
  Dowan (D:4)
  A killer bee (D:7)
  A howler monkey (D:7)
  An orc priest (D:6)
  3 hounds
  A jelly (D:2)
  Terence (D:2)
  Jessica (D:2)
  A sleepcap (D:4)
  Ijyb (D:3)
  4 iguanas
  Robin (D:4)
  4 adders
  A gnoll (D:1)
  A shadow imp (D:7)
  A white imp (D:7)
  2 ufetubi (D:7)
  A ribbon worm (D:2)
  A dart slug (D:4)
  5 orcs
  9 endoplasms
  3 giant cockroaches
  8 goblins
  14 hobgoblins
  13 kobolds
  3 quokkas
  9 ball pythons
  6 bats
  2 rats (D:2)
124 creatures vanquished.

Vanquished Creatures (collateral kills)
  A jelly (D:6)
  5 kobolds (D:6)
6 creatures vanquished.

Vanquished Creatures (others)
  A giant cockroach (D:3)
  A goblin (D:4)
2 creatures vanquished.

Grand Total: 132 creatures vanquished

Notes
Turn   | Place    | Note
-------+----------+-------------------------------------------
     0 | D:1      | ezpacito the Demonspawn Chaos Knight began the quest for
                  | the Orb.
     0 | D:1      | Reached XP level 1. HP: 18/18 MP: 1/1
    23 | D:1      | You fall into a shaft and drop 1 floor!
    95 | D:2      | Noticed Terence
   124 | D:2      | Killed Terence
   125 | D:2      | Reached skill level 1 in Dodging
   125 | D:2      | Gained mutation: You are surrounded by a mild repulsion
                  | field. (EV +2) [demonic ancestry]
   125 | D:2      | Reached XP level 2. HP: 9/24 MP: 2/2
   208 | D:1      | Gained mutation: You may rarely emit foul miasma when
                  | damaged in melee. [demonic ancestry]
   208 | D:1      | Reached XP level 3. HP: 29/29 MP: 3/3
   353 | D:1      | Reached skill level 1 in Unarmed Combat
   372 | D:1      | Found a faded altar of an unknown god.
   755 | D:2      | XOM: confuse monster(s)
   758 | D:2      | Reached skill level 1 in Spellcasting
   758 | D:2      | Reached XP level 4. HP: 30/35 MP: 5/5
   910 | D:2      | Noticed Jessica
   914 | D:2      | Killed Jessica
   915 | D:2      | Reached skill level 1 in Stealth
  1052 | D:2      | XOM: god gift: 43 gold pieces
  1121 | D:2      | XOM: silly message
  1129 | D:2      | XOM: divination: magic mapping
  1420 | D:2      | XOM: god gift: 19 gold pieces
  1507 | D:3      | Gained mutation: You have a pair of small horns on your
                  | head. [demonic ancestry]
  1507 | D:3      | Reached XP level 5. HP: 35/41 MP: 7/7
  1584 | D:3      | Found a blossoming altar of Fedhas.
  1585 | D:3      | Noticed Grinder
  1585 | D:3      | XOM: enchant monster (good)
  1591 | D:3      | Noticed Sigmund
  1593 | D:3      | XOM: confuse monster(s)
  1598 | D:3      | XOM: confuse monster(s)
  1601 | D:3      | Gained mutation: You are clumsy. (Dex -2) [potion of
                  | mutation]
  1601 | D:3      | Gained mutation: Your muscles are strong. (Str +4, Int/Dex
                  | -1) [potion of mutation]
  1601 | D:3      | Lost mutation: You are clumsy. (Dex -2) [potion of
                  | mutation]
  1609 | D:3      | Killed Sigmund
  1610 | D:3      | Gained mutation: A weak demonic guardian rushes to your
                  | aid. [demonic ancestry]
  1610 | D:3      | Reached XP level 6. HP: 35/48 MP: 8/8
  1610 | D:3      | Killed Grinder
  1668 | D:3      | XOM: 3-stop teleportation journey
  1747 | D:3      | XOM: polymorph endoplasm -> goblin
  1793 | D:3      | Noticed Ijyb
  1806 | D:3      | Killed Ijyb
  1807 | D:3      | Gained mutation: You have a pair of horns on your head.
                  | [demonic ancestry]
  1807 | D:3      | Reached XP level 7. HP: 34/54 MP: 10/10
  1884 | D:3      | Found a faded altar of an unknown god.
  2014 | D:3      | XOM: stat loss: -1 Int (10/11)
  2248 | D:4      | Found a runed translucent door.
  2254 | D:4      | Learned a level 1 spell: Necrotise
  2257 | D:4      | Learned a level 2 spell: Ensorcelled Hibernation
  2261 | D:4      | Learned a level 3 spell: Vampiric Draining
  2266 | D:4      | Learned a level 4 spell: Martyr's Knell
  2282 | D:4      | Noticed Robin
  2299 | D:4      | Killed Robin
  2301 | D:4      | Found a staircase to the Ecumenical Temple.
  2722 | D:4      | XOM: noise
  2736 | D:4      | XOM: silly message
  2749 | D:4      | Noticed olddryhag's ghost (amateur CoAl)
  2791 | D:4      | XOM: polymorph hobgoblin -> ball python
  2808 | D:4      | Noticed Duvessa
  2808 | D:4      | Noticed Dowan
  2816 | D:4      | Killed Duvessa
  2828 | D:4      | Killed Dowan
  2830 | D:4      | XOM: god gift: cloak {god gift}
  2960 | D:4      | XOM: divination: detect items
  2991 | D:4      | XOM: potion effect (curing)
  2998 | D:4      | Reached skill level 1 in Necromancy
  3369 | D:5      | Entered Level 5 of the Dungeon
  3403 | D:5      | Reached skill level 1 in Evocations
  3657 | D:5      | XOM: smoke on damage
  3660 | D:5      | Reached skill level 1 in Hexes
  3660 | D:5      | Reached skill level 1 in Summonings
  3660 | D:5      | Gained mutation: You are surrounded by a moderate repulsion
                  | field. (EV +3) [demonic ancestry]
  3660 | D:5      | Reached XP level 8. HP: 42/61 MP: 12/12
  3717 | D:5      | XOM: summons 1 hostile shadow creature
  3771 | D:5      | Found Rinuuj's Magic Scroll Shop.
  3775 | D:5      | Bought a scroll of identify for 28 gold pieces
  3775 | D:5      | Bought a scroll of identify for 28 gold pieces
  3775 | D:5      | Bought a scroll of identify for 28 gold pieces
  3882 | D:5      | Found a stormy altar of Qazlal.
  4108 | D:6      | XOM: polymorph iguana -> sky beast
  4237 | D:6      | XOM: give mutation
  4237 | D:6      | Gained mutation: You have an increased reservoir of magic.
                  | (+10% MP) [Xom's mischief]
  4338 | D:6      | Noticed Maggie
  4347 | D:6      | Maggie changed into Maggie the acid dragon
  4347 | D:6      | Noticed Maggie
  4349 | D:6      | Killed Maggie the acid dragon
  4510 | D:6      | XOM: confusion (+ monsters)
  4526 | D:6      | Reached skill level 5 in Fighting
  4707 | D:6      | XOM: swap monsters
  4716 | D:6      | Reached XP level 9. HP: 51/68 MP: 15/15
  4880 | D:6      | Learned a level 5 spell: Curse of Agony
  5077 | D:6      | Found a basalt altar of Yredelemnul.
  5078 | D:6      | Found an opulent altar of Gozag.
  5264 | D:7      | XOM: chaos upgrade
  5425 | D:7      | XOM: enchant monster (bad)
  5427 | D:7      | XOM: destruction
  5490 | D:7      | Reached skill level 5 in Axes
  5498 | D:7      | Noticed a deep elf pyromancer
  5502 | D:7      | Noticed a tengu warrior
  5506 | D:7      | HP: 2/68 [tengu warrior/+0 halberd (13)]
  5506 | D:7      | Slain by a fire elemental

Illustrated notes

Levels and vault maps discovered:
D:1:      mainiacjoe_arrival_reflecting_pool, layout_rooms,
          shapermc_ecumenical_altar_mp_highgroup
D:2:      layout_loops_cross, minmay_misc_feat_rugged,
          kennysheep_generic_room_9, uniq_jessica, uniq_terence
D:3:      layout_rooms, nicolae_overflow_ecumenical_swirl,
          mainiacjoe_overflow_cross_hatched, chequers_serial_rivers_micro_e,
          uniq_ijyb, uniq_sigmund, uniq_grinder
D:4:      layout_loops_corners, minmay_temple_entry_drinking_statues,
          hellmonk_ghost_happy_afterlife, hex_medium, uniq_duvessa, uniq_robin
D:5:      layout_basic, mainiacjoe_overflow_divided_tiny, serial_shops, shop
D:6:      layout_cave_pools, gammafunk_temple_overflow_statue, uniq_maggie
D:7:      nzn_winding_woodlands_cross [nzn_winding_woodlands_5x15_longhouse,
          nzn_winding_woodlands_5x15_garden, nzn_winding_woodlands_5x15_jagged,
          nzn_winding_woodlands_5x15_river_crossing,
          nzn_winding_woodlands_15x15_killbox], layout_layer_cave,
          nicolae_shop_fire_sale [nicolae_sub_dead_trees], uniq_menkaure

Skill      XL: |  1  2  3  4  5  6  7  8  9 |
---------------+----------------------------+-----
Armour         | 2 3 4 |  4.3
Dodging        | 1 2 3 4 |  4.2
Axes           | 3 4 5 |  5.0
Unarmed Combat | 1 2 3 |  3.8
Spellcasting   | 1 2 3 |  3.8
Stealth        | 1 2 3 |  3.0
Fighting       | 4 5 |  5.4
Necromancy     | 1 2 3 |  3.4
Evocations     | 1 2 3 |  3.0
Hexes          | 1 2 |  2.2
Summonings     | 1 2 |  2.1

Action                     |  1- 3 |  4- 6 |  7- 9 || total
---------------------------+-------+-------+-------++-------
  Melee: Hand axe          |    69 |    84 |   264 ||   417
         Headbutt          |       |     6 |    56 ||    62
  Evoke: Wand              |       |       |     4 ||     4
    Use: Scroll            |     1 |       |     5 ||     6
         Potion            |       |     1 |     4 ||     5
   Stab: Confused          |     1 |     2 |     1 ||     4
         Sleeping          |       |       |     6 ||     6
         Paralysed         |       |       |     1 ||     1
         Distracted        |       |       |     1 ||     1
 Armour: Leather armour    |    38 |    34 |    27 ||    99
         Robe              |       |       |    52 ||    52
         Skin              |       |       |     9 ||     9
         Swamp dragon scal |       |       |    89 ||    89
  Dodge: Dodged            |    59 |    54 |   217 ||   330

Table legend: (Time is in decaauts)
 A = Elapsed time spent in this place.
 B = Non-inter-level travel time spent in this place.
 C = Inter-level travel time spent in this place.
 D = Time resting spent in this place.
 E = Time spent auto-exploring this place.
 F = Levels seen in this place.
 G = Mean time per level.
                   A        B        C        D        E       F      G
               +--------+--------+--------+--------+--------+-----+--------+
         Total |   5547 |   5236 |    311 |     41 |   4134 |   7 |  792.4 |
       Dungeon |   5547 |   5236 |    311 |     41 |   4134 |   7 |  792.4 |
               +--------+--------+--------+--------+--------+-----+--------+

Top non-repeatable levels by time:
     D:4: 1148 daAuts
     D:6: 1026 daAuts
     D:2: 887 daAuts
     D:3: 800 daAuts
     D:5: 740 daAuts
     D:1: 562 daAuts
     D:7: 381 daAuts
